Map: Lightshade LE

Players

Neeb

  • Race: Protoss Protoss

Scarlett - Winner!

  • Race: Zerg Zerg

Event: DreamHack SC2 Masters 2021 Summer

VOD

Have the link to the VOD?

Description

Time

  • Played on: June 6, 2021, 4:36 p.m.
  • Length: 7:23

All games in this series

Show
View Real Time Build Order
Export as new Build Order

Neeb Protoss 

Build Orders: 1 Gate Expand, Mass Adepts 

Get SALT Encoding   

  12  0:00  Probe  
  13  0:12  Probe  
  14  0:20  Pylon  
  14  0:24  Probe  
  15  0:38  Probe (Chrono Boost)  
  15  0:42  Gateway  
  16  0:47  Probe (Chrono Boost)  
  17  0:50  Assimilator  
  17  0:52  Probe (Chrono Boost)  
  18  1:04  Probe  
  19  1:16  Probe  
  20  1:26  Nexus  
  20  1:35  Cybernetics Core  
  20  1:38  Probe  
  21  1:44  Assimilator  
  21  1:50  Probe  
  21  1:53  Pylon  
  22  2:02  Probe (Chrono Boost)  
  23  2:09  Adept (Chrono Boost)  
  23  2:12  Warp Gate  
  23  2:13  Probe (Chrono Boost)  
  26  2:18  Probe (Chrono Boost)  
  26  2:22  Twilight Council  
  27  2:30  Probe  
  27  2:31  Adept (Chrono Boost)  
  30  2:38  Probe  
  30  2:43  Probe  
  32  2:48  Robotics Facility  
  32  2:50  Probe  
  33  2:52  Adept (Chrono Boost)  
  33  2:57  Probe  
  36  3:04  Gateway  
  36  3:09  Gateway  
  36  3:13  Probe  
  37  3:20  Probe  
  37  3:21  Adept  
  37  3:23  Resonating Glaives (Chrono Boost)  
  40  3:31  Gateway  
  37  3:42  Probe  
  37  3:46  Warp Prism (Chrono Boost)  
  35  3:51  Probe  
  35  3:53  Pylon  
  35  3:54  Probe  
  39  4:00  Adept x2  
  43  4:04  Adept  
  43  4:06  Probe  
  46  4:11  Probe  
  46  4:15  Pylon  
  47  4:20  Probe  
  47  4:23  Probe  
  49  4:32  Adept x2  
  49  4:35  Pylon, Adept x2  
  57  4:41  Probe x2  
  57  4:43  Pylon  
  59  4:53  Probe  
  59  4:56  Adept x3  
  59  4:57  Adept  
  68  5:02  Probe  
  70  5:07  Probe  
  68  5:19  Adept x4  
  66  5:22  Probe x2  
  64  5:34  Probe  
  57  5:41  Adept x4  
  57  5:42  Assimilator  
  63  5:44  Assimilator  
  63  5:47  Probe  
  58  5:50  Probe  
  58  5:52  Forge  
  57  5:59  Dark Shrine  
  57  6:04  Adept  
  57  6:08  Adept  
  57  6:10  Adept  
  63  6:13  Pylon  
  63  6:14  Adept  
  67  6:23  Shield Battery x2  
  67  6:25  Stalker  
  67  6:26  Pylon  
  67  6:27  Stalker  
  67  6:31  Cybernetics Core  
  67  6:32  Sentry  
  67  6:34  Zealot  
Show
View Real Time Build Order
Export as new Build Order

Scarlett Zerg - Winner!

Build Orders: Hatch First 

Get SALT Encoding   

  12  0:00  Drone  
  13  0:12  Overlord  
  13  0:16  Drone  
  14  0:30  Drone x2  
  16  0:43  Drone  
  17  0:51  Hatchery  
  17  0:54  Drone  
  17  0:57  Drone  
  18  1:08  Extractor  
  17  1:12  Spawning Pool  
  17  1:17  Drone  
  17  1:19  Drone  
  18  1:27  Drone  
  19  1:38  Drone  
  20  1:51  Overlord  
  20  1:59  Queen  
  22  2:02  Zergling x2  
  22  2:03  Drone, Queen  
  26  2:10  Drone  
  26  2:11  Metabolic Boost  
  26  2:13  Drone  
  28  2:23  Drone  
  28  2:27  Drone  
  30  2:37  Hatchery, Zergling x2  
  30  2:43  Queen  
  32  2:50  Overlord  
  32  2:55  Zergling x6  
  35  3:01  Zergling x2  
  36  3:12  Zergling x4  
  38  3:16  Zergling x12  
  44  3:24  Extractor, Roach Warren  
  42  3:29  Queen  
  42  3:41  Drone x2  
  40  3:50  Drone x3  
  40  3:51  Drone x2  
  40  3:55  Overlord  
  45  4:00  Overlord  
  45  4:04  Roach  
  45  4:08  Roach  
  49  4:17  Roach x2  
  49  4:21  Zergling x2  
  49  4:22  Zergling x4  
  56  4:25  Zergling x2  
  56  4:26  Ravager  
  56  4:29  Ravager  
  59  4:33  Zergling x6  
  59  4:37  Ravager  
  63  4:50  Ravager  
  63  4:51  Zergling x2, Overlord  
  65  4:59  Overlord  
  65  5:03  Zergling x10  
  65  5:04  Overlord  
  66  5:13  Zergling x10  
  65  5:17  Zergling x4  
  65  5:20  Zergling x2  
  62  5:24  Zergling x4  
  62  5:28  Zergling x2  
  60  5:30  Zergling x2  
  60  5:33  Roach  
  58  5:39  Roach  
  55  5:43  Zergling x2  
  54  5:50  Zergling x4  
  56  5:57  Ravager  
  56  5:58  Roach  
  56  6:03  Ravager  
  60  6:05  Roach  
  60  6:11  Zergling x2  
  63  6:14  Zergling x2  
  64  6:20  Ravager  
  64  6:22  Roach  
  64  6:23  Zergling x2  
  68  6:26  Zergling x2  
  68  6:30  Zergling x2  
  68  6:31  Zergling x2  
  71  6:39  Zergling x2  
  70  6:40  Zergling x4  
Tags
 
Add a new tag
Caveats
  • Supply blocks, unpowered buildings, or Contaminate may cause inaccurate times.
  • Supply counts are checked every 10 seconds.